 Dungeon Crawl Stone Soup version 0.23-a0-448-g1c01f63 (webtiles) character file.

51 MisterFreud the Sneak (level 3, -1/28 HPs)
             Began as a Naga Fire Elementalist on Nov 20, 2018.
             Slain by Sigmund
             ... wielding a +0 scythe
              (12 damage)
             ... on level 2 of the Dungeon.
             The game lasted 00:05:34 (1657 turns).

MisterFreud the Sneak (Naga Fire Elementalist)      Turns: 1657, Time: 00:05:34

Health: -1/28      AC:  3    Str: 10    XL:     3   Next: 81%
Magic:  0/6        EV: 15    Int: 16    God:
Gold:   82         SH:  0    Dex: 16    Spells: 5/6 levels left

rFire    . . .     SeeInvis +   i - +1 whip (freeze)
rCold    . . .     Gourm    .   (no shield)
rNeg     . . .     Faith    .   a - +1 robe
rPois    +         Spirit   .   (no helmet)
rElec    .         Reflect  .   (no cloak)
rCorr    .         Harm     .   (no gloves)
MR       .....                  (no barding)
Stlth    ++++......             (no amulet)
HPRegen  0.09/turn              (no ring)
MPRegen  0.10/turn              (no ring)

@: agile, very slow
A: large, see invisible, deformed body, poison resistance, slowness 2, slow
metabolism 1, spit poison 1, AC +1
a: Spit Poison


You were on level 2 of the Dungeon.
You were not hungry.

You visited 1 branch of the dungeon, and saw 2 of its levels.

You collected 82 gold pieces.

Inventory:

Hand Weapons
 i - a +1 whip of freezing (weapon)
Missiles
 e - 24 arrows
 h - 5 stones (quivered)
 k - 22 bolts
 l - 20 poisoned needles
Armour
 a - a +1 robe (worn)
Scrolls
 o - a scroll of fear
Potions
 b - 2 potions of curing
 d - a potion of flight
Comestibles
 c - 3 rations


   Skills:
 - Level 1.5 Dodging
 - Level 5.0 Stealth
 - Level 2.0 Spellcasting
 + Level 2.4 Conjurations
 - Level 3.0 Fire Magic


You had 5 spell levels left.
You knew the following spells:

 Your Spells              Type           Power        Failure   Level  Hunger
a - Flame Tongue          Conj/Fire      ##...        7%          1    #......

Your spell library contained the following spells:

 Spells                   Type           Power        Failure   Level  Hunger
 Throw Flame              Conj/Fire      ##....       11%         2    ###....
 Conjure Flame            Conj/Fire      ##......     21%         3    ###....
 Inner Flame              Hex/Fire       #.......     32%         3    ###....
 Sticky Flame             Conj/Fire      ##......     56%         4    #####..
 Fireball                 Conj/Fire      ##........   88%         5    ######.


Dungeon Overview and Level Annotations

Branches:
Dungeon (2/15)

Altars:
Xom

Annotations:
D:2 Sigmund


Innate Abilities, Weirdness & Mutations

You cannot wear boots.
Your serpentine skin is tough. (AC +1)
You have supernaturally acute eyesight. (SInv)
Armour fits poorly on your strangely shaped body.
Your system is resistant to poisons. (rPois)
You cover ground very slowly.
You have a slow metabolism.
You can spit poison.


Message History

Confirm with . or Enter, or press ? or * to list all spells.
Aiming: Flame Tongue (safe; 7% risk of failure)
Press: ? - help, Shift-Dir - straight line, f/p - Sigmund
Aim: Sigmund, wielding a +0 scythe and wearing a +0 robe (almost dead, slightly The flame tongue misses Sigmund.
Sigmund closely misses you.
You barely miss Sigmund.
Sigmund is almost dead.
Sigmund closely misses you.
You hit Sigmund but do no damage.
Sigmund is almost dead.
Sigmund misses you.
You closely miss Sigmund.
Sigmund is almost dead.
You closely miss Sigmund.
Sigmund is almost dead.
Sigmund hits you with a +0 scythe!
You barely miss Sigmund.
Sigmund is almost dead.
Sigmund hits you with a +0 scythe!
You die...

..........# .#
..........##>#######
..........'........
..........##.####.####
..........##+####.....
........[.........# ####
...........[...÷..#....#
..........@.......#..#
..........@..........#
.##....#..........#######
#....##...............#
..##+# #.........#####+#
§.. #.............. #.
##.###.........
#.###..........
###..##....#####+
#....##....#


You could see Sigmund (invisible).

Vanquished Creatures
  2 adders (D:2)
  A worm (D:2)
  A dart slug (D:1)
  A leopard gecko (D:1)
  A ball python (D:1)
  A giant cockroach (D:1)
  A goblin (D:1)
  5 hobgoblins (D:1)
  6 kobolds
  4 bats (D:1)
  A frilled lizard (D:2)
  4 rats (D:1)
28 creatures vanquished.

Notes
Turn   | Place    | Note
-------+----------+-------------------------------------------
     0 | D:1      | MisterFreud the Naga Fire Elementalist began the quest for
                  | the Orb.
     0 | D:1      | Reached XP level 1. HP: 15/15 MP: 3/3
   398 | D:1      | Reached skill level 4 in Stealth
   398 | D:1      | Reached XP level 2. HP: 9/22 MP: 0/5
   878 | D:1      | Reached skill level 5 in Stealth
   921 | D:1      | Found a shimmering altar of Xom.
  1055 | D:1      | Reached XP level 3. HP: 25/28 MP: 6/6
  1624 | D:2      | Noticed Sigmund
  1657 | D:2      | Slain by Sigmund

Vault maps used:
D:1:      elethiomel_arrival_maze, xom_teletrap_fun
D:2:      lemuel_round_altar, grunt_dithmenos_smoke_and_mirrors, uniq_sigmund

Skill      XL: |  1  2  3 |
---------------+----------+-----
Stealth        | 4 5 |  5.0
Conjurations   | 2 |  2.4
Dodging        | |  1.5
Spellcasting   | |  2.0
Fire Magic     | |  3.0

Action                   || total
-------------------------++-------
Melee: Unarmed           ||     3
       Club              ||     9
       Whip              ||    19
 Cast: Flame Tongue      ||    31
 Abil: Spit Poison       ||    23
  Use: Scroll            ||     8
       Potion            ||     2
 Stab: Sleeping          ||     3
  Eat: Chunk             ||     3
Armor: Robe              ||    11
Dodge: Dodged            ||    37

Table legend:
 A = Non-vault XP
 B = Vault XP
 C = Vault XP percentage of total XP
 D = Non-vault monster count
 E = Vault monster count
 F = Vault count percentage of total count
                 A         B        C        D         E       F
            +---------+---------+-------+---------+---------+-------
      Total |      73 |       0 |   0.0 |      28 |       0 |   0.0
            +---------+---------+-------+---------+---------+-------
        D:1 |      38 |       0 |   0.0 |      22 |       0 |   0.0
        D:2 |      35 |       0 |   0.0 |       6 |       0 |   0.0
            +---------+---------+-------+---------+---------+-------
